 Dungeon Crawl Stone Soup version 0.22-a0-142-g91cc6d7 (webtiles) character file.

3251 Azzok the Fighter (level 9, -3/67 HPs)
             Began as a Gargoyle Fighter on Feb 5, 2018.
             Was a Priest of Okawaru.
             Slain by a two-headed ogre
             ... wielding a cursed +0 giant club
              (17 damage)
             ... on level 8 of the Dungeon.
             The game lasted 00:14:31 (7210 turns).

Azzok the Fighter (Gargoyle Fighter)                Turns: 7210, Time: 00:14:31

Health: -3/67      AC: 17    Str: 22    XL:     9   Next: 99%
Magic:  14/14      EV:  7    Int:  9    God:    Okawaru [***...]
Gold:   364        SH:  9    Dex: 10    Spells: 7/8 levels left

rFire    . . .     SeeInvis .   A - +1 whip (elec)
rCold    . . .     Gourm    .   c - +0 shield
rNeg     + . .     Faith    +   b - +0 scale mail
rPois    ∞         Spirit   .   y - +0 helmet
rElec    +         Reflect  .   x - +0 cloak
rCorr    .         Harm     .   (no gloves)
MR       .....                  n - +1 pair of boots
Stlth    ..........             u - amulet of faith
HPRegen  0.21/turn              I - ring of wizardry
MPRegen  0.14/turn              (no ring)

@: no status effects
A: negative energy resistance 1, electricity resistance, unbreathing,
petrification resistance, rot immunity, AC +6
a: Heroism, Renounce Religion


You were on level 8 of the Dungeon.
You worshipped Okawaru.
Okawaru was most pleased with you.
You were hungry.

You visited 2 branches of the dungeon, and saw 9 of its levels.

You collected 364 gold pieces.

Inventory:

Hand Weapons
 a - a +0 long sword
 o - a +2 dagger of venom
 A - a +1 whip of electrocution (weapon)
 B - the +9 mace of Corporal Punishment {flame, rN+++ Str-2}
   (You found it on level 5 of the Dungeon)

   It has been specially enchanted to burn those struck by it, causing extra
   injury to most foes and up to half again as much damage against particularly
   susceptible opponents.
   It affects your strength (-2).
   It renders you almost immune to negative energy.
Missiles
 m - 116 arrows
Armour
 b - a +0 scale mail (worn)
 c - a +0 shield (worn)
 n - a +1 pair of boots (worn)
 x - a +0 cloak (worn)
 y - a +0 helmet (worn)
Jewellery
 u - an amulet of faith (around neck)
 I - a ring of wizardry (left hand)
 L - an uncursed ring of protection from cold {unknown}
Wands
 E - a wand of iceblast (8)
 F - a wand of polymorph (7)
 H - a wand of paralysis (14)
Scrolls
 e - 8 scrolls of identify
 h - a scroll of noise {unknown}
 l - 7 scrolls of remove curse {unknown}
 p - 2 scrolls of amnesia {unknown}
 r - a scroll of blinking {unknown}
 s - 2 scrolls of enchant weapon {unknown}
 t - 3 scrolls of immolation {unknown}
 v - 2 scrolls of enchant armour {unknown}
 D - 2 scrolls of random uselessness {unknown}
 M - a scroll of magic mapping {unknown}
 N - a scroll of fear {unknown}
Potions
 d - 2 potions of might
 g - 2 potions of brilliance {unknown}
 i - a potion of lignification {unknown}
 j - 2 potions of magic {unknown}
 k - a potion of degeneration {unknown}
 q - a potion of curing
 w - a potion of flight {unknown}
 z - a potion of haste {unknown}
 G - a potion of cancellation {unknown}
 J - 2 potions of ambrosia {unknown}
 K - 2 potions of agility {unknown}
Comestibles
 f - 7 rations


   Skills:
 + Level 12.8 Fighting
 - Level 1.7 Long Blades
 - Level 3.2 Armour
 - Level 3.2 Shields
 + Level 7.6 Invocations


You had 7 spell levels left.
You knew the following spells:

 Your Spells              Type           Power        Failure   Level  Hunger
a - Apportation           Tloc           #.....       86%         1    ##.....


Dungeon Overview and Level Annotations

Branches:
Dungeon (8/15)             Temple (1/1) D:5
   Lair: D:8-11

Altars:
Ashenzari
Cheibriados
Dithmenos
Fedhas
Gozag
Hepliaklqana
Kikubaaqudgha
Makhleb
Nemelex Xobeh
Okawaru
Qazlal
Ru
Sif Muna
Trog
Uskayaw
Vehumet
Wu Jian
Yredelemnul
The Shining One


Innate Abilities, Weirdness & Mutations

You are resistant to torment.
Your stone body is resilient. (AC +6)
You are immune to poison.
You resist negative energy. (rN+)
You are resistant to electric shocks. (rElec)
You can survive without breathing.
You are immune to petrification.
You are immune to rotting.


Message History

The two-headed ogre is almost dead.
The two-headed ogre hits you with a giant club.
* * * LOW HITPOINT WARNING * * *
You block the two-headed ogre's attack.
You hit the two-headed ogre.
The two-headed ogre is almost dead.
The two-headed ogre barely misses you. x2
Your scale mail prevents you from hitting the two-headed ogre.
The two-headed ogre is almost dead.
You block the two-headed ogre's attack.
The two-headed ogre hits you with a giant club!
* * * LOW HITPOINT WARNING * * *
You barely miss the two-headed ogre.
The two-headed ogre is almost dead.
You hit the two-headed ogre but do no damage.
The two-headed ogre is almost dead.
The two-headed ogre hits you with a giant club.
* * * LOW HITPOINT WARNING * * *
The two-headed ogre hits you with a giant club!
You die...

▒▒▒▒·▒
▒·▒
▒▒▒
▒·▒
··▒
▒·▒
··▒
▒·▒
··▒
▒·▒
··▒
▒·▒
··▒
▒·▒
▒▒▒
▒·▒
▒@▒
▒O▒
▒·▒
▒·▒
▒·▒
▒·▒
▒·▒
▒·▒


You could see a two-headed ogre.

Vanquished Creatures
  Pikel (D:5)
  6 yaks (D:7)
  Menkaure (D:7)
  2 phantoms
  2 ogres
  3 bullfrogs
  A wyvern zombie (D:6)
  2 scorpions
  5 killer bees (D:7)
  A howler monkey (D:4)
  3 crimson imps
  3 bullfrog zombies
  3 hounds
  4 orc priests
  5 orc wizards
  5 worker ants
  7 adders
  4 gnolls
  2 shadow imps
  2 oozes
  An adder skeleton (D:5)
  A worm (D:2)
  3 dart slugs
  3 leopard geckos
  24 orcs
  6 giant cockroaches
  7 goblins
  8 hobgoblins
  2 quokkas
  A ball python (D:3)
  2 bats
  4 frilled lizards
  2 kobolds
  A quokka skeleton (D:5)
  A quokka zombie (D:6)
  8 rats
136 creatures vanquished.

Vanquished Creatures (others)
  2 slaves (D:5)
  A centaur (D:5)
  A shadow imp (D:5)
  A quokka skeleton (D:7)
5 creatures vanquished.

Grand Total: 141 creatures vanquished

Notes
Turn   | Place    | Note
-------+----------+-------------------------------------------
     0 | D:1      | Azzok the Gargoyle Fighter began the quest for the Orb.
     0 | D:1      | Reached XP level 1. HP: 14/14 MP: 1/1
   221 | D:1      | Reached XP level 2. HP: 20/20 MP: 2/2
   299 | D:1      | Reached skill level 4 in Fighting
   912 | D:1      | Reached XP level 3. HP: 24/24 MP: 3/3
  1480 | D:2      | Reached skill level 5 in Fighting
  1687 | D:2      | Found an ornate altar of the Wu Jian Council.
  1991 | D:3      | Reached XP level 4. HP: 31/31 MP: 4/4
  2308 | D:3      | Reached skill level 6 in Fighting
  2308 | D:3      | Reached XP level 5. HP: 32/36 MP: 5/5
  2532 | D:4      | Found a blossoming altar of Fedhas.
  2535 | D:4      | Found a hide-covered altar of Uskayaw.
  2538 | D:4      | Found a deep blue altar of Sif Muna.
  2657 | D:4      | Noticed an ogre
  2669 | D:4      | Killed an ogre
  2669 | D:4      | Reached skill level 7 in Fighting
  2669 | D:4      | Reached XP level 6. HP: 33/44 MP: 6/6
  2877 | D:4      | Reached skill level 8 in Fighting
  3281 | D:4      | Identified Heas's Papyrus of Damage Dealing
  3972 | D:5      | Entered Level 5 of the Dungeon
  4032 | D:5      | Noticed a phantom
  4135 | D:5      | Killed a phantom
  4135 | D:5      | Reached XP level 7. HP: 39/50 MP: 7/7
  4272 | D:5      | Reached skill level 9 in Fighting
  4306 | D:5      | Noticed Pikel
  4324 | D:5      | Killed Pikel
  4324 | D:5      | Reached skill level 10 in Fighting
  4324 | D:5      | Reached XP level 8. HP: 53/59 MP: 8/8
  4387 | D:5      | Found a staircase to the Ecumenical Temple.
  4405 | Temple   | Entered the Ecumenical Temple
  4489 | Temple   | Became a worshipper of Warmaster Okawaru
  4516 | D:5      | Got a jewelled mace
  4530 | D:5      | Identified the +9 mace of Corporal Punishment {flame, rN+++ Str-2} (You found it on level 5 of the Dungeon)
  4860 | D:5      | Found a burning altar of Makhleb.
  5080 | D:6      | Reached skill level 1 in Invocations
  5113 | D:6      | Learned a level 1 spell: Apportation
  5368 | D:6      | Reached skill level 11 in Fighting
  5492 | D:6      | Reached * piety under Okawaru
  5979 | D:7      | Reached XP level 9. HP: 58/64 MP: 12/12
  6000 | D:7      | Found a stormy altar of Qazlal.
  6056 | D:7      | Reached skill level 5 in Invocations
  6083 | D:7      | Reached ** piety under Okawaru
  6083 | D:7      | Reached skill level 12 in Fighting
  6516 | D:7      | Noticed Menkaure
  6523 | D:7      | Killed Menkaure
  6686 | D:7      | Found an iron altar of Okawaru.
  6930 | D:8      | Reached *** piety under Okawaru
  7194 | D:8      | Noticed a two-headed ogre
  7210 | D:8      | Slain by a two-headed ogre

Vault maps used:
D:1:      sevenhm_arrival_forest_fort_large_3
D:2:      lemuel_round_altar
D:4:      grunt_temple_overflow_diamond, first_ration, minivault_4, st_stairs_9
D:5:      minmay_temple_entry_junction, chequers_big_river, bloody_makhleb,
          uniq_pikel
D:6:      kennysheep_generic_room_14
D:7:      grunt_qazlal_clouds, basic_altar, uniq_menkaure
D:8:      tgw_xom, uniq_joseph
Temple:   eino_temple_scatter_basement

Skill      XL: |  1  2  3  4  5  6  7  8  9 |
---------------+----------------------------+-----
Fighting       | 4 5 6 7 8 10 11 12 | 12.8
Invocations    | 4 7 |  7.6
Long Blades    | |  1.7
Armour         | |  3.2
Shields        | |  3.2

Action                   |  1- 3 |  4- 6 |  7- 9 || total
-------------------------+-------+-------+-------++-------
Melee: Long sword        |   123 |       |    11 ||   134
       Dagger            |       |   163 |    28 ||   191
       Whip              |       |       |   297 ||   297
       Unarmed           |       |       |    11 ||    11
Invok: Heroism           |       |       |     1 ||     1
  Use: Scroll            |       |       |     3 ||     3
       Potion            |       |       |     1 ||     1
  Eat: Chunk             |     4 |     5 |     8 ||    17
       Ration            |       |       |     1 ||     1
Armor: Scale mail        |    70 |    64 |   156 ||   290
Dodge: Dodged            |    28 |    38 |   107 ||   173
Block: Shield            |    61 |    74 |   148 ||   283
       Rpst.: Long sword |     7 |       |     3 ||    10

Table legend:
 A = Spawn XP
 B = Non-spawn XP
 C = Spawn XP percentage of total XP
 D = Spawn monster count
 E = Non-spawn monster count
 F = Spawn count percentage of total count
 G = Total turns spent on level
                    A         B        C        D         E        F      G
               +---------+---------+-------+---------+---------+-------+---------
         Total |       0 |    4645 |   0.0 |       0 |     136 |   0.0 |  7210
               +---------+---------+-------+---------+---------+-------+---------
           D:1 |       0 |      35 |   0.0 |       0 |      19 |   0.0 |  1004
           D:2 |       0 |      32 |   0.0 |       0 |      10 |   0.0 |   711
           D:3 |       0 |     158 |   0.0 |       0 |      23 |   0.0 |   781
           D:4 |       0 |     352 |   0.0 |       0 |      13 |   0.0 |  1476
           D:5 |       0 |     968 |   0.0 |       0 |      16 |   0.0 |  1130
           D:6 |       0 |     754 |   0.0 |       0 |      30 |   0.0 |   748
           D:7 |       0 |    1957 |   0.0 |       0 |      21 |   0.0 |   959
           D:8 |       0 |     389 |   0.0 |       0 |       4 |   0.0 |   298
               +---------+---------+-------+---------+---------+-------+---------
